Map: Pillars of Gold LE

Players

AGOElazer (Elazer) - Winner!

  • Race: Zerg Zerg
  • Spawn Location: 1:00

Lambo

  • Race: Zerg Zerg
  • League: Master
  • Spawn Location: 7:00

Event: DreamHack SC2 Masters 2020 Winter

VOD

Have the link to the VOD?

Description

Time

  • Played on: Nov. 3, 2020, 12:56 p.m.
  • Length: 11:19

All games in this series

Show
View Real Time Build Order
Export as new Build Order

AGOElazer Zerg - Winner!

Build Orders: Hatch First 

Get SALT Encoding   

  12  0:00  Drone  
  13  0:12  Overlord  
  13  0:17  Drone  
  14  0:31  Drone x2  
  16  0:50  Hatchery  
  16  0:52  Drone  
  16  0:56  Drone  
  17  1:00  Drone  
  18  1:10  Extractor  
  17  1:15  Spawning Pool  
  16  1:19  Drone  
  16  1:22  Drone  
  18  1:28  Drone  
  19  1:38  Drone  
  20  1:50  Drone  
  21  2:01  Queen  
  21  2:02  Drone, Queen, Overlord  
  26  2:11  Drone  
  26  2:13  Drone  
  28  2:21  Drone  
  29  2:23  Drone  
  30  2:32  Drone  
  30  2:34  Drone  
  32  2:37  Queen  
  32  2:38  Lair  
  34  2:44  Drone  
  34  2:45  Overlord  
  35  2:54  Drone  
  35  2:58  Evolution Chamber  
  35  2:59  Drone  
  36  3:08  Extractor  
  36  3:09  Drone x3  
  36  3:12  Drone x5  
  43  3:17  Drone  
  44  3:24  Roach Warren  
  43  3:27  Extractor, Overlord  
  43  3:28  Drone  
  43  3:29  Extractor  
  42  3:36  Spire  
  42  3:37  Drone  
  42  3:40  Drone  
  43  3:43  Drone  
  43  3:47  Drone x2  
  46  3:53  Evolution Chamber  
  46  3:55  Drone x3  
  48  3:58  Drone x2  
  48  4:02  Metabolic Boost  
  50  4:07  Overlord  
  50  4:13  Drone x2  
  52  4:19  Overlord  
  52  4:20  Overlord  
  52  4:27  Drone x2  
  54  4:33  Zergling x8  
  54  4:36  Overlord  
  58  4:47  Mutalisk x4  
  58  4:51  Mutalisk  
  68  4:56  Zerg Flyer Weapons Level 1  
  68  5:01  Mutalisk  
  68  5:06  Hatchery  
  69  5:07  Mutalisk  
  71  5:17  Overlord  
  71  5:18  Drone x4  
  71  5:21  Zerg Missile Weapons Level 1  
  75  5:24  Drone x2  
  77  5:29  Mutalisk  
  77  5:31  Drone x2  
  81  5:36  Mutalisk  
  81  5:41  Mutalisk  
  85  5:43  Overlord  
  85  5:50  Mutalisk  
  85  5:54  Overlord  
  87  5:57  Drone x4  
  91  6:04  Mutalisk  
  91  6:06  Overlord  
  91  6:07  Extractor  
  91  6:09  Drone x2  
  91  6:10  Extractor  
  93  6:12  Drone  
  93  6:17  Glial Reconstitution  
  94  6:19  Drone x2  
  94  6:21  Drone  
  97  6:32  Mutalisk x2  
  101  6:35  Drone x6  
  101  6:37  Hatchery  
  101  6:39  Overlord  
  106  6:41  Roach  
  108  6:49  Overlord  
  108  6:52  Roach  
  108  6:53  Roach x4  
  118  6:59  Roach  
  118  7:00  Roach x3  
  118  7:01  Overlord  
  126  7:05  Overlord  
  126  7:10  Roach  
  126  7:11  Roach x3  
  134  7:17  Roach x2  
  134  7:19  Overlord  
  138  7:24  Roach x3  
  138  7:28  Zerg Missile Weapons Level 2  
  144  7:30  Overlord  
  144  7:33  Zerg Ground Armor Level 1  
  144  7:37  Roach x2  
  144  7:42  Roach x3  
  151  7:49  Roach x4  
  159  7:52  Overlord  
  159  7:55  Roach x2  
  163  8:04  Roach x4  
  163  8:05  Roach x2  
  169  8:10  Roach x4  
  161  8:17  Roach x3  
  161  8:18  Roach  
  169  8:23  Infestation Pit  
  169  8:24  Drone x3  
  169  8:25  Extractor  
  169  8:26  Roach x2  
  174  8:29  Ravager  
  174  8:30  Ravager  
  174  8:31  Roach x2  
  180  8:35  Overlord  
  180  8:40  Roach  
  182  8:55  Roach x3  
  182  8:56  Roach x4  
  182  9:02  Hive  
  186  9:05  Extractor  
  186  9:08  Roach x5  
  191  9:10  Overlord  
  191  9:29  Hydralisk Den  
  188  9:32  Overlord  
  188  9:34  Drone x3  
  191  9:39  Pneumatized Carapace, Ravager x4  
  191  9:40  Overseer x2  
  191  9:43  Hatchery  
  194  9:49  Roach x2, Ravager  
  194  9:52  Overlord x3  
  181  10:09  Roach x13  
  198  10:14  Lurker Den  
  197  10:34  Roach x4  
  199  10:41  Roach x11  
  194  10:47  Roach  
  194  10:48  Roach x2  
  185  10:51  Roach x2  
  185  10:55  Roach x2  
  191  11:00  Roach  
Show
View Real Time Build Order
Export as new Build Order

Lambo Zerg 

Build Orders: Hatch First, Roach Hydra 

Get SALT Encoding   

  12  0:00  Drone  
  13  0:12  Overlord  
  13  0:17  Drone  
  14  0:30  Drone x2  
  16  0:50  Hatchery  
  16  0:52  Drone  
  16  0:56  Drone  
  17  1:00  Drone  
  18  1:10  Extractor  
  17  1:15  Spawning Pool  
  16  1:18  Drone  
  16  1:22  Drone  
  18  1:28  Drone  
  19  1:39  Drone  
  20  1:50  Drone  
  21  2:02  Queen x2  
  21  2:03  Zergling x2, Overlord  
  26  2:09  Metabolic Boost  
  26  2:12  Drone  
  26  2:14  Drone  
  28  2:22  Drone  
  29  2:23  Drone  
  30  2:33  Drone  
  31  2:37  Drone  
  31  2:43  Hatchery  
  31  2:45  Drone  
  32  2:54  Baneling Nest, Overlord  
  31  2:58  Drone  
  31  2:59  Drone  
  31  3:04  Zergling x2  
  34  3:07  Drone  
  34  3:11  Drone  
  36  3:13  Drone x2  
  36  3:14  Drone  
  36  3:15  Zergling x2  
  40  3:22  Evolution Chamber  
  40  3:23  Overlord  
  39  3:28  Zergling x4  
  39  3:31  Drone  
  39  3:33  Drone  
  43  3:40  Baneling  
  43  3:41  Queen  
  43  3:42  Drone x3  
  43  3:44  Drone  
  49  3:49  Drone, Zerg Missile Weapons Level 1  
  49  3:53  Drone  
  49  3:54  Drone  
  52  3:56  Overlord  
  52  4:01  Drone  
  52  4:02  Drone, Extractor  
  53  4:03  Extractor  
  53  4:05  Drone  
  53  4:09  Drone  
  54  4:13  Drone x2, Overlord  
  54  4:14  Drone  
  57  4:17  Drone x2  
  57  4:20  Drone  
  57  4:23  Overlord  
  60  4:28  Lair  
  60  4:30  Drone x2  
  62  4:35  Drone, Roach Warren  
  62  4:39  Drone, Overlord  
  63  4:46  Overlord  
  63  4:51  Drone x2  
  65  4:54  Drone  
  65  4:55  Drone x2  
  65  4:56  Extractor  
  65  4:58  Baneling x2  
  67  5:00  Zergling x14  
  73  5:09  Queen  
  75  5:15  Roach x2  
  75  5:16  Roach  
  75  5:18  Roach x2  
  85  5:21  Spore Crawler  
  85  5:23  Spore Crawler  
  85  5:24  Spore Crawler  
  82  5:29  Spore Crawler x2  
  82  5:31  Drone x2  
  82  5:32  Drone, Spore Crawler  
  82  5:39  Drone x4  
  82  5:41  Infestation Pit  
  85  5:44  Extractor, Overlord  
  85  5:49  Overlord  
  83  5:55  Zerg Ground Armor Level 1  
  83  6:00  Hydralisk Den, Spore Crawler, Overlord  
  83  6:02  Overlord  
  81  6:04  Extractor, Queen  
  81  6:06  Baneling  
  81  6:07  Drone  
  81  6:09  Drone x5  
  88  6:11  Drone  
  88  6:12  Drone  
  88  6:14  Overlord  
  90  6:19  Spore Crawler  
  90  6:21  Drone x2  
  90  6:22  Drone  
  90  6:24  Infestor  
  94  6:32  Drone x2, Spore Crawler  
  94  6:33  Spore Crawler  
  93  6:40  Roach x5  
  93  6:45  Overlord  
  104  6:49  Overlord  
  104  6:50  Spore Crawler  
  104  6:51  Infestor  
  104  6:54  Muscular Augments, Glial Reconstitution  
  104  6:58  Roach  
  106  7:01  Roach x2  
  106  7:05  Roach x3  
  106  7:07  Drone  
  117  7:11  Roach x2  
  117  7:13  Roach  
  117  7:14  Roach  
  123  7:18  Roach x2  
  126  7:22  Drone  
  126  7:23  Drone x2  
  126  7:28  Lurker Den  
  127  7:31  Ravager  
  127  7:35  Overlord  
  127  7:36  Overlord  
  128  7:38  Overlord  
  128  7:39  Overlord  
  128  7:43  Overlord  
  127  7:46  Roach  
  127  7:47  Overlord  
  127  7:49  Overlord, Hydralisk  
  128  7:53  Hydralisk  
  128  7:55  Hive  
  128  7:58  Hydralisk x2  
  130  8:03  Roach x2  
  132  8:07  Roach x3  
  132  8:12  Hydralisk x2  
  133  8:16  Hydralisk x2  
  137  8:23  Grooved Spines  
  137  8:26  Roach x5  
  147  8:33  Zerg Missile Weapons Level 2  
  144  8:50  Roach x5  
  144  8:51  Extractor  
  144  8:54  Lurker  
  150  8:57  Roach x4  
  150  9:00  Roach x2  
  157  9:10  Lurker Den  
  157  9:11  Hydralisk x3  
  162  9:18  Hydralisk x3  
  162  9:19  Hydralisk  
  162  9:23  Roach x3  
  174  9:28  Roach x2  
  174  9:43  Drone x2  
  176  9:47  Hydralisk x3  
  176  9:51  Pneumatized Carapace  
  182  9:53  Hatchery  
  182  9:55  Hydralisk x2  
  185  10:03  Hydralisk x4  
  179  10:07  Roach  
  179  10:13  Seismic Spines  
  171  10:16  Drone x2  
  171  10:17  Drone x2  
  171  10:18  Drone x2  
  177  10:25  Roach  
  177  10:26  Roach x2  
  183  10:32  Roach  
  183  10:34  Roach  
  183  10:35  Roach x2  
  175  10:38  Roach  
  175  10:40  Roach  
  175  10:41  Roach  
  139  10:45  Roach x2  
  139  10:46  Hydralisk  
  113  10:50  Roach x2  
  113  10:53  Roach  
  113  10:55  Roach  
  109  10:58  Roach  
Tags
 
Add a new tag
Caveats
  • Supply blocks, unpowered buildings, or Contaminate may cause inaccurate times.
  • Supply counts are checked every 10 seconds.